%YAML 1.1
%TAG !u! tag:unity3d.com,2011:
--- !u!1 &102876
GameObject:
  m_ObjectHideFlags: 1
  m_PrefabParentObject: {fileID: 0}
  m_PrefabInternal: {fileID: 100100000}
  serializedVersion: 5
  m_Component:
  - component: {fileID: 453618}
  m_Layer: 0
  m_Name: MHuman_L_Hand
  m_TagString: Untagged
  m_Icon: {fileID: 0}
  m_NavMeshLayer: 0
  m_StaticEditorFlags: 0
  m_IsActive: 1
--- !u!1 &103358
GameObject:
  m_ObjectHideFlags: 1
  m_PrefabParentObject: {fileID: 0}
  m_PrefabInternal: {fileID: 100100000}
  serializedVersion: 5
  m_Component:
  - component: {fileID: 450980}
  m_Layer: 0
  m_Name: MHuman_R_Thumb2
  m_TagString: Untagged
  m_Icon: {fileID: 0}
  m_NavMeshLayer: 0
  m_StaticEditorFlags: 0
  m_IsActive: 1
--- !u!1 &104188
GameObject:
  m_ObjectHideFlags: 1
  m_PrefabParentObject: {fileID: 0}
  m_PrefabInternal: {fileID: 100100000}
  serializedVersion: 5
  m_Component:
  - component: {fileID: 432650}
  m_Layer: 0
  m_Name: MHuman_Spine1
  m_TagString: Untagged
  m_Icon: {fileID: 0}
  m_NavMeshLayer: 0
  m_StaticEditorFlags: 0
  m_IsActive: 1
--- !u!1 &105416
GameObject:
  m_ObjectHideFlags: 1
  m_PrefabParentObject: {fileID: 0}
  m_PrefabInternal: {fileID: 100100000}
  serializedVersion: 5
  m_Component:
  - component: {fileID: 491238}
  m_Layer: 0
  m_Name: MHuman_R_Clav
  m_TagString: Untagged
  m_Icon: {fileID: 0}
  m_NavMeshLayer: 0
  m_StaticEditorFlags: 0
  m_IsActive: 1
--- !u!1 &106258
GameObject:
  m_ObjectHideFlags: 1
  m_PrefabParentObject: {fileID: 0}
  m_PrefabInternal: {fileID: 100100000}
  serializedVersion: 5
  m_Component:
  - component: {fileID: 407670}
  m_Layer: 0
  m_Name: MHuman_R_Index3
  m_TagString: Untagged
  m_Icon: {fileID: 0}
  m_NavMeshLayer: 0
  m_StaticEditorFlags: 0
  m_IsActive: 1
--- !u!1 &106462
GameObject:
  m_ObjectHideFlags: 1
  m_PrefabParentObject: {fileID: 0}
  m_PrefabInternal: {fileID: 100100000}
  serializedVersion: 5
  m_Component:
  - component: {fileID: 491198}
  m_Layer: 0
  m_Name: MHuman_Spine2
  m_TagString: Untagged
  m_Icon: {fileID: 0}
  m_NavMeshLayer: 0
  m_StaticEditorFlags: 0
  m_IsActive: 1
--- !u!1 &106530
GameObject:
  m_ObjectHideFlags: 1
  m_PrefabParentObject: {fileID: 0}
  m_PrefabInternal: {fileID: 100100000}
  serializedVersion: 5
  m_Component:
  - component: {fileID: 483980}
  m_Layer: 0
  m_Name: MHuman_R_Elbow
  m_TagString: Untagged
  m_Icon: {fileID: 0}
  m_NavMeshLayer: 0
  m_StaticEditorFlags: 0
  m_IsActive: 1
--- !u!1 &106956
GameObject:
  m_ObjectHideFlags: 0
  m_PrefabParentObject: {fileID: 0}
  m_PrefabInternal: {fileID: 100100000}
  serializedVersion: 5
  m_Component:
  - component: {fileID: 482424}
  m_Layer: 0
  m_Name: MHuman_Root
  m_TagString: Untagged
  m_Icon: {fileID: 0}
  m_NavMeshLayer: 0
  m_StaticEditorFlags: 0
  m_IsActive: 1
--- !u!1 &107006
GameObject:
  m_ObjectHideFlags: 1
  m_PrefabParentObject: {fileID: 0}
  m_PrefabInternal: {fileID: 100100000}
  serializedVersion: 5
  m_Component:
  - component: {fileID: 431446}
  m_Layer: 0
  m_Name: MHuman_L_Wrist
  m_TagString: Untagged
  m_Icon: {fileID: 0}
  m_NavMeshLayer: 0
  m_StaticEditorFlags: 0
  m_IsActive: 1
--- !u!1 &116400
GameObject:
  m_ObjectHideFlags: 1
  m_PrefabParentObject: {fileID: 0}
  m_PrefabInternal: {fileID: 100100000}
  serializedVersion: 5
  m_Component:
  - component: {fileID: 452552}
  m_Layer: 0
  m_Name: MHuman_Neck
  m_TagString: Untagged
  m_Icon: {fileID: 0}
  m_NavMeshLayer: 0
  m_StaticEditorFlags: 0
  m_IsActive: 1
--- !u!1 &117562
GameObject:
  m_ObjectHideFlags: 1
  m_PrefabParentObject: {fileID: 0}
  m_PrefabInternal: {fileID: 100100000}
  serializedVersion: 5
  m_Component:
  - component: {fileID: 402466}
  m_Layer: 0
  m_Name: MHuman_L_Index2
  m_TagString: Untagged
  m_Icon: {fileID: 0}
  m_NavMeshLayer: 0
  m_StaticEditorFlags: 0
  m_IsActive: 1
--- !u!1 &118068
GameObject:
  m_ObjectHideFlags: 1
  m_PrefabParentObject: {fileID: 0}
  m_PrefabInternal: {fileID: 100100000}
  serializedVersion: 5
  m_Component:
  - component: {fileID: 489296}
  m_Layer: 0
  m_Name: MHuman_L_Shoulder
  m_TagString: Untagged
  m_Icon: {fileID: 0}
  m_NavMeshLayer: 0
  m_StaticEditorFlags: 0
  m_IsActive: 1
--- !u!1 &123200
GameObject:
  m_ObjectHideFlags: 1
  m_PrefabParentObject: {fileID: 0}
  m_PrefabInternal: {fileID: 100100000}
  serializedVersion: 5
  m_Component:
  - component: {fileID: 459220}
  m_Layer: 0
  m_Name: MHuman_R_Wrist
  m_TagString: Untagged
  m_Icon: {fileID: 0}
  m_NavMeshLayer: 0
  m_StaticEditorFlags: 0
  m_IsActive: 1
--- !u!1 &123444
GameObject:
  m_ObjectHideFlags: 1
  m_PrefabParentObject: {fileID: 0}
  m_PrefabInternal: {fileID: 100100000}
  serializedVersion: 5
  m_Component:
  - component: {fileID: 421300}
  m_Layer: 0
  m_Name: MHuman_L_Thumb4
  m_TagString: Untagged
  m_Icon: {fileID: 0}
  m_NavMeshLayer: 0
  m_StaticEditorFlags: 0
  m_IsActive: 1
--- !u!1 &124242
GameObject:
  m_ObjectHideFlags: 1
  m_PrefabParentObject: {fileID: 0}
  m_PrefabInternal: {fileID: 100100000}
  serializedVersion: 5
  m_Component:
  - component: {fileID: 411580}
  m_Layer: 0
  m_Name: MHuman_R_Thumb3
  m_TagString: Untagged
  m_Icon: {fileID: 0}
  m_NavMeshLayer: 0
  m_StaticEditorFlags: 0
  m_IsActive: 1
--- !u!1 &124422
GameObject:
  m_ObjectHideFlags: 1
  m_PrefabParentObject: {fileID: 0}
  m_PrefabInternal: {fileID: 100100000}
  serializedVersion: 5
  m_Component:
  - component: {fileID: 485584}
  m_Layer: 0
  m_Name: MHuman_L_Ring1
  m_TagString: Untagged
  m_Icon: {fileID: 0}
  m_NavMeshLayer: 0
  m_StaticEditorFlags: 0
  m_IsActive: 1
--- !u!1 &125156
GameObject:
  m_ObjectHideFlags: 1
  m_PrefabParentObject: {fileID: 0}
  m_PrefabInternal: {fileID: 100100000}
  serializedVersion: 5
  m_Component:
  - component: {fileID: 486250}
  m_Layer: 0
  m_Name: MHuman_L_Ring2
  m_TagString: Untagged
  m_Icon: {fileID: 0}
  m_NavMeshLayer: 0
  m_StaticEditorFlags: 0
  m_IsActive: 1
--- !u!1 &131346
GameObject:
  m_ObjectHideFlags: 1
  m_PrefabParentObject: {fileID: 0}
  m_PrefabInternal: {fileID: 100100000}
  serializedVersion: 5
  m_Component:
  - component: {fileID: 405732}
  m_Layer: 0
  m_Name: MHuman_L_Thumb3
  m_TagString: Untagged
  m_Icon: {fileID: 0}
  m_NavMeshLayer: 0
  m_StaticEditorFlags: 0
  m_IsActive: 1
--- !u!1 &132520
GameObject:
  m_ObjectHideFlags: 0
  m_PrefabParentObject: {fileID: 0}
  m_PrefabInternal: {fileID: 100100000}
  serializedVersion: 5
  m_Component:
  - component: {fileID: 490018}
  - component: {fileID: 13728910}
  m_Layer: 0
  m_Name: MHuman
  m_TagString: Untagged
  m_Icon: {fileID: 0}
  m_NavMeshLayer: 0
  m_StaticEditorFlags: 0
  m_IsActive: 1
--- !u!1 &134166
GameObject:
  m_ObjectHideFlags: 1
  m_PrefabParentObject: {fileID: 0}
  m_PrefabInternal: {fileID: 100100000}
  serializedVersion: 5
  m_Component:
  - component: {fileID: 462168}
  m_Layer: 0
  m_Name: MHuman_L_Middle4
  m_TagString: Untagged
  m_Icon: {fileID: 0}
  m_NavMeshLayer: 0
  m_StaticEditorFlags: 0
  m_IsActive: 1
--- !u!1 &135768
GameObject:
  m_ObjectHideFlags: 1
  m_PrefabParentObject: {fileID: 0}
  m_PrefabInternal: {fileID: 100100000}
  serializedVersion: 5
  m_Component:
  - component: {fileID: 450188}
  m_Layer: 0
  m_Name: MHuman_R_Middle1
  m_TagString: Untagged
  m_Icon: {fileID: 0}
  m_NavMeshLayer: 0
  m_StaticEditorFlags: 0
  m_IsActive: 1
--- !u!1 &135960
GameObject:
  m_ObjectHideFlags: 1
  m_PrefabParentObject: {fileID: 0}
  m_PrefabInternal: {fileID: 100100000}
  serializedVersion: 5
  m_Component:
  - component: {fileID: 455752}
  m_Layer: 0
  m_Name: MHuman_R_Femur
  m_TagString: Untagged
  m_Icon: {fileID: 0}
  m_NavMeshLayer: 0
  m_StaticEditorFlags: 0
  m_IsActive: 1
--- !u!1 &136182
GameObject:
  m_ObjectHideFlags: 1
  m_PrefabParentObject: {fileID: 0}
  m_PrefabInternal: {fileID: 100100000}
  serializedVersion: 5
  m_Component:
  - component: {fileID: 417152}
  m_Layer: 0
  m_Name: MHuman_R_Pinky3
  m_TagString: Untagged
  m_Icon: {fileID: 0}
  m_NavMeshLayer: 0
  m_StaticEditorFlags: 0
  m_IsActive: 1
--- !u!1 &136516
GameObject:
  m_ObjectHideFlags: 1
  m_PrefabParentObject: {fileID: 0}
  m_PrefabInternal: {fileID: 100100000}
  serializedVersion: 5
  m_Component:
  - component: {fileID: 485580}
  m_Layer: 0
  m_Name: MHuman_L_Pinky1
  m_TagString: Untagged
  m_Icon: {fileID: 0}
  m_NavMeshLayer: 0
  m_StaticEditorFlags: 0
  m_IsActive: 1
--- !u!1 &136600
GameObject:
  m_ObjectHideFlags: 1
  m_PrefabParentObject: {fileID: 0}
  m_PrefabInternal: {fileID: 100100000}
  serializedVersion: 5
  m_Component:
  - component: {fileID: 469050}
  m_Layer: 0
  m_Name: MHuman_R_Shoulder
  m_TagString: Untagged
  m_Icon: {fileID: 0}
  m_NavMeshLayer: 0
  m_StaticEditorFlags: 0
  m_IsActive: 1
--- !u!1 &137850
GameObject:
  m_ObjectHideFlags: 1
  m_PrefabParentObject: {fileID: 0}
  m_PrefabInternal: {fileID: 100100000}
  serializedVersion: 5
  m_Component:
  - component: {fileID: 453226}
  m_Layer: 0
  m_Name: MHuman_R_Thumb4
  m_TagString: Untagged
  m_Icon: {fileID: 0}
  m_NavMeshLayer: 0
  m_StaticEditorFlags: 0
  m_IsActive: 1
--- !u!1 &138290
GameObject:
  m_ObjectHideFlags: 0
  m_PrefabParentObject: {fileID: 0}
  m_PrefabInternal: {fileID: 100100000}
  serializedVersion: 5
  m_Component:
  - component: {fileID: 498032}
  - component: {fileID: 9537106}
  m_Layer: 0
  m_Name: MorroMan_Movement_MoCap
  m_TagString: Untagged
  m_Icon: {fileID: 0}
  m_NavMeshLayer: 0
  m_StaticEditorFlags: 0
  m_IsActive: 1
--- !u!1 &138378
GameObject:
  m_ObjectHideFlags: 1
  m_PrefabParentObject: {fileID: 0}
  m_PrefabInternal: {fileID: 100100000}
  serializedVersion: 5
  m_Component:
  - component: {fileID: 446422}
  m_Layer: 0
  m_Name: MHuman_R_Middle4
  m_TagString: Untagged
  m_Icon: {fileID: 0}
  m_NavMeshLayer: 0
  m_StaticEditorFlags: 0
  m_IsActive: 1
--- !u!1 &138592
GameObject:
  m_ObjectHideFlags: 1
  m_PrefabParentObject: {fileID: 0}
  m_PrefabInternal: {fileID: 100100000}
  serializedVersion: 5
  m_Component:
  - component: {fileID: 457582}
  m_Layer: 0
  m_Name: MHuman_R_Ring3
  m_TagString: Untagged
  m_Icon: {fileID: 0}
  m_NavMeshLayer: 0
  m_StaticEditorFlags: 0
  m_IsActive: 1
--- !u!1 &138730
GameObject:
  m_ObjectHideFlags: 1
  m_PrefabParentObject: {fileID: 0}
  m_PrefabInternal: {fileID: 100100000}
  serializedVersion: 5
  m_Component:
  - component: {fileID: 454860}
  m_Layer: 0
  m_Name: MHuman_L_Index3
  m_TagString: Untagged
  m_Icon: {fileID: 0}
  m_NavMeshLayer: 0
  m_StaticEditorFlags: 0
  m_IsActive: 1
--- !u!1 &139318
GameObject:
  m_ObjectHideFlags: 1
  m_PrefabParentObject: {fileID: 0}
  m_PrefabInternal: {fileID: 100100000}
  serializedVersion: 5
  m_Component:
  - component: {fileID: 452358}
  m_Layer: 0
  m_Name: MHuman_L_Index4
  m_TagString: Untagged
  m_Icon: {fileID: 0}
  m_NavMeshLayer: 0
  m_StaticEditorFlags: 0
  m_IsActive: 1
--- !u!1 &140276
GameObject:
  m_ObjectHideFlags: 1
  m_PrefabParentObject: {fileID: 0}
  m_PrefabInternal: {fileID: 100100000}
  serializedVersion: 5
  m_Component:
  - component: {fileID: 479696}
  m_Layer: 0
  m_Name: MHuman_R_FootVis2
  m_TagString: Untagged
  m_Icon: {fileID: 0}
  m_NavMeshLayer: 0
  m_StaticEditorFlags: 0
  m_IsActive: 1
--- !u!1 &141020
GameObject:
  m_ObjectHideFlags: 1
  m_PrefabParentObject: {fileID: 0}
  m_PrefabInternal: {fileID: 100100000}
  serializedVersion: 5
  m_Component:
  - component: {fileID: 465984}
  m_Layer: 0
  m_Name: MHuman_L_Clav
  m_TagString: Untagged
  m_Icon: {fileID: 0}
  m_NavMeshLayer: 0
  m_StaticEditorFlags: 0
  m_IsActive: 1
--- !u!1 &146070
GameObject:
  m_ObjectHideFlags: 1
  m_PrefabParentObject: {fileID: 0}
  m_PrefabInternal: {fileID: 100100000}
  serializedVersion: 5
  m_Component:
  - component: {fileID: 486004}
  m_Layer: 0
  m_Name: MHuman_L_Thumb2
  m_TagString: Untagged
  m_Icon: {fileID: 0}
  m_NavMeshLayer: 0
  m_StaticEditorFlags: 0
  m_IsActive: 1
--- !u!1 &146096
GameObject:
  m_ObjectHideFlags: 1
  m_PrefabParentObject: {fileID: 0}
  m_PrefabInternal: {fileID: 100100000}
  serializedVersion: 5
  m_Component:
  - component: {fileID: 401172}
  m_Layer: 0
  m_Name: MHuman_R_Knee
  m_TagString: Untagged
  m_Icon: {fileID: 0}
  m_NavMeshLayer: 0
  m_StaticEditorFlags: 0
  m_IsActive: 1
--- !u!1 &146938
GameObject:
  m_ObjectHideFlags: 1
  m_PrefabParentObject: {fileID: 0}
  m_PrefabInternal: {fileID: 100100000}
  serializedVersion: 5
  m_Component:
  - component: {fileID: 431236}
  m_Layer: 0
  m_Name: MHuman_R_Thumb1
  m_TagString: Untagged
  m_Icon: {fileID: 0}
  m_NavMeshLayer: 0
  m_StaticEditorFlags: 0
  m_IsActive: 1
--- !u!1 &151420
GameObject:
  m_ObjectHideFlags: 1
  m_PrefabParentObject: {fileID: 0}
  m_PrefabInternal: {fileID: 100100000}
  serializedVersion: 5
  m_Component:
  - component: {fileID: 471112}
  m_Layer: 0
  m_Name: MHuman_R_ToeEnd
  m_TagString: Untagged
  m_Icon: {fileID: 0}
  m_NavMeshLayer: 0
  m_StaticEditorFlags: 0
  m_IsActive: 1
--- !u!1 &151636
GameObject:
  m_ObjectHideFlags: 1
  m_PrefabParentObject: {fileID: 0}
  m_PrefabInternal: {fileID: 100100000}
  serializedVersion: 5
  m_Component:
  - component: {fileID: 493250}
  m_Layer: 0
  m_Name: MHuman_R_Ankle
  m_TagString: Untagged
  m_Icon: {fileID: 0}
  m_NavMeshLayer: 0
  m_StaticEditorFlags: 0
  m_IsActive: 1
--- !u!1 &153606
GameObject:
  m_ObjectHideFlags: 1
  m_PrefabParentObject: {fileID: 0}
  m_PrefabInternal: {fileID: 100100000}
  serializedVersion: 5
  m_Component:
  - component: {fileID: 498810}
  m_Layer: 0
  m_Name: MHuman_L_Ring3
  m_TagString: Untagged
  m_Icon: {fileID: 0}
  m_NavMeshLayer: 0
  m_StaticEditorFlags: 0
  m_IsActive: 1
--- !u!1 &154482
GameObject:
  m_ObjectHideFlags: 1
  m_PrefabParentObject: {fileID: 0}
  m_PrefabInternal: {fileID: 100100000}
  serializedVersion: 5
  m_Component:
  - component: {fileID: 481160}
  m_Layer: 0
  m_Name: MHuman_R_Pinky2
  m_TagString: Untagged
  m_Icon: {fileID: 0}
  m_NavMeshLayer: 0
  m_StaticEditorFlags: 0
  m_IsActive: 1
--- !u!1 &154486
GameObject:
  m_ObjectHideFlags: 1
  m_PrefabParentObject: {fileID: 0}
  m_PrefabInternal: {fileID: 100100000}
  serializedVersion: 5
  m_Component:
  - component: {fileID: 407378}
  m_Layer: 0
  m_Name: MHuman_R_Pinky4
  m_TagString: Untagged
  m_Icon: {fileID: 0}
  m_NavMeshLayer: 0
  m_StaticEditorFlags: 0
  m_IsActive: 1
--- !u!1 &154492
GameObject:
  m_ObjectHideFlags: 1
  m_PrefabParentObject: {fileID: 0}
  m_PrefabInternal: {fileID: 100100000}
  serializedVersion: 5
  m_Component:
  - component: {fileID: 433948}
  m_Layer: 0
  m_Name: MHuman_L_Index1
  m_TagString: Untagged
  m_Icon: {fileID: 0}
  m_NavMeshLayer: 0
  m_StaticEditorFlags: 0
  m_IsActive: 1
--- !u!1 &155230
GameObject:
  m_ObjectHideFlags: 1
  m_PrefabParentObject: {fileID: 0}
  m_PrefabInternal: {fileID: 100100000}
  serializedVersion: 5
  m_Component:
  - component: {fileID: 457120}
  m_Layer: 0
  m_Name: MHuman_R_Ring4
  m_TagString: Untagged
  m_Icon: {fileID: 0}
  m_NavMeshLayer: 0
  m_StaticEditorFlags: 0
  m_IsActive: 1
--- !u!1 &156684
GameObject:
  m_ObjectHideFlags: 1
  m_PrefabParentObject: {fileID: 0}
  m_PrefabInternal: {fileID: 100100000}
  serializedVersion: 5
  m_Component:
  - component: {fileID: 432160}
  m_Layer: 0
  m_Name: MHuman_R_Ring2
  m_TagString: Untagged
  m_Icon: {fileID: 0}
  m_NavMeshLayer: 0
  m_StaticEditorFlags: 0
  m_IsActive: 1
--- !u!1 &157178
GameObject:
  m_ObjectHideFlags: 1
  m_PrefabParentObject: {fileID: 0}
  m_PrefabInternal: {fileID: 100100000}
  serializedVersion: 5
  m_Component:
  - component: {fileID: 407122}
  m_Layer: 0
  m_Name: MHuman_R_FootVis1
  m_TagString: Untagged
  m_Icon: {fileID: 0}
  m_NavMeshLayer: 0
  m_StaticEditorFlags: 0
  m_IsActive: 1
--- !u!1 &157324
GameObject:
  m_ObjectHideFlags: 1
  m_PrefabParentObject: {fileID: 0}
  m_PrefabInternal: {fileID: 100100000}
  serializedVersion: 5
  m_Component:
  - component: {fileID: 400872}
  m_Layer: 0
  m_Name: MHuman_L_Ring4
  m_TagString: Untagged
  m_Icon: {fileID: 0}
  m_NavMeshLayer: 0
  m_StaticEditorFlags: 0
  m_IsActive: 1
--- !u!1 &158188
GameObject:
  m_ObjectHideFlags: 1
  m_PrefabParentObject: {fileID: 0}
  m_PrefabInternal: {fileID: 100100000}
  serializedVersion: 5
  m_Component:
  - component: {fileID: 421814}
  m_Layer: 0
  m_Name: MHuman_L_Pinky2
  m_TagString: Untagged
  m_Icon: {fileID: 0}
  m_NavMeshLayer: 0
  m_StaticEditorFlags: 0
  m_IsActive: 1
--- !u!1 &159814
GameObject:
  m_ObjectHideFlags: 1
  m_PrefabParentObject: {fileID: 0}
  m_PrefabInternal: {fileID: 100100000}
  serializedVersion: 5
  m_Component:
  - component: {fileID: 452894}
  m_Layer: 0
  m_Name: MHuman_R_Middle2
  m_TagString: Untagged
  m_Icon: {fileID: 0}
  m_NavMeshLayer: 0
  m_StaticEditorFlags: 0
  m_IsActive: 1
--- !u!1 &160686
GameObject:
  m_ObjectHideFlags: 1
  m_PrefabParentObject: {fileID: 0}
  m_PrefabInternal: {fileID: 100100000}
  serializedVersion: 5
  m_Component:
  - component: {fileID: 487408}
  m_Layer: 0
  m_Name: MHuman_Chest
  m_TagString: Untagged
  m_Icon: {fileID: 0}
  m_NavMeshLayer: 0
  m_StaticEditorFlags: 0
  m_IsActive: 1
--- !u!1 &164242
GameObject:
  m_ObjectHideFlags: 1
  m_PrefabParentObject: {fileID: 0}
  m_PrefabInternal: {fileID: 100100000}
  serializedVersion: 5
  m_Component:
  - component: {fileID: 423340}
  m_Layer: 0
  m_Name: MHuman_L_Thumb1
  m_TagString: Untagged
  m_Icon: {fileID: 0}
  m_NavMeshLayer: 0
  m_StaticEditorFlags: 0
  m_IsActive: 1
--- !u!1 &165368
GameObject:
  m_ObjectHideFlags: 1
  m_PrefabParentObject: {fileID: 0}
  m_PrefabInternal: {fileID: 100100000}
  serializedVersion: 5
  m_Component:
  - component: {fileID: 464018}
  m_Layer: 0
  m_Name: MHuman_R_Index2
  m_TagString: Untagged
  m_Icon: {fileID: 0}
  m_NavMeshLayer: 0
  m_StaticEditorFlags: 0
  m_IsActive: 1
--- !u!1 &168356
GameObject:
  m_ObjectHideFlags: 1
  m_PrefabParentObject: {fileID: 0}
  m_PrefabInternal: {fileID: 100100000}
  serializedVersion: 5
  m_Component:
  - component: {fileID: 415746}
  m_Layer: 0
  m_Name: MHuman_R_Pinky1
  m_TagString: Untagged
  m_Icon: {fileID: 0}
  m_NavMeshLayer: 0
  m_StaticEditorFlags: 0
  m_IsActive: 1
--- !u!1 &170242
GameObject:
  m_ObjectHideFlags: 1
  m_PrefabParentObject: {fileID: 0}
  m_PrefabInternal: {fileID: 100100000}
  serializedVersion: 5
  m_Component:
  - component: {fileID: 431834}
  m_Layer: 0
  m_Name: MHuman_L_Middle3
  m_TagString: Untagged
  m_Icon: {fileID: 0}
  m_NavMeshLayer: 0
  m_StaticEditorFlags: 0
  m_IsActive: 1
--- !u!1 &173376
GameObject:
  m_ObjectHideFlags: 1
  m_PrefabParentObject: {fileID: 0}
  m_PrefabInternal: {fileID: 100100000}
  serializedVersion: 5
  m_Component:
  - component: {fileID: 472962}
  m_Layer: 0
  m_Name: MHuman_Head_End
  m_TagString: Untagged
  m_Icon: {fileID: 0}
  m_NavMeshLayer: 0
  m_StaticEditorFlags: 0
  m_IsActive: 1
--- !u!1 &173748
GameObject:
  m_ObjectHideFlags: 1
  m_PrefabParentObject: {fileID: 0}
  m_PrefabInternal: {fileID: 100100000}
  serializedVersion: 5
  m_Component:
  - component: {fileID: 425230}
  m_Layer: 0
  m_Name: MHuman_L_Femur
  m_TagString: Untagged
  m_Icon: {fileID: 0}
  m_NavMeshLayer: 0
  m_StaticEditorFlags: 0
  m_IsActive: 1
--- !u!1 &176482
GameObject:
  m_ObjectHideFlags: 1
  m_PrefabParentObject: {fileID: 0}
  m_PrefabInternal: {fileID: 100100000}
  serializedVersion: 5
  m_Component:
  - component: {fileID: 457994}
  m_Layer: 0
  m_Name: MHuman_Head
  m_TagString: Untagged
  m_Icon: {fileID: 0}
  m_NavMeshLayer: 0
  m_StaticEditorFlags: 0
  m_IsActive: 1
--- !u!1 &177428
GameObject:
  m_ObjectHideFlags: 1
  m_PrefabParentObject: {fileID: 0}
  m_PrefabInternal: {fileID: 100100000}
  serializedVersion: 5
  m_Component:
  - component: {fileID: 493468}
  m_Layer: 0
  m_Name: MHuman_R_Index4
  m_TagString: Untagged
  m_Icon: {fileID: 0}
  m_NavMeshLayer: 0
  m_StaticEditorFlags: 0
  m_IsActive: 1
--- !u!1 &178198
GameObject:
  m_ObjectHideFlags: 1
  m_PrefabParentObject: {fileID: 0}
  m_PrefabInternal: {fileID: 100100000}
  serializedVersion: 5
  m_Component:
  - component: {fileID: 425086}
  m_Layer: 0
  m_Name: MHuman_R_Toe
  m_TagString: Untagged
  m_Icon: {fileID: 0}
  m_NavMeshLayer: 0
  m_StaticEditorFlags: 0
  m_IsActive: 1
--- !u!1 &180148
GameObject:
  m_ObjectHideFlags: 1
  m_PrefabParentObject: {fileID: 0}
  m_PrefabInternal: {fileID: 100100000}
  serializedVersion: 5
  m_Component:
  - component: {fileID: 421538}
  m_Layer: 0
  m_Name: MHuman_L_Ankle
  m_TagString: Untagged
  m_Icon: {fileID: 0}
  m_NavMeshLayer: 0
  m_StaticEditorFlags: 0
  m_IsActive: 1
--- !u!1 &181904
GameObject:
  m_ObjectHideFlags: 1
  m_PrefabParentObject: {fileID: 0}
  m_PrefabInternal: {fileID: 100100000}
  serializedVersion: 5
  m_Component:
  - component: {fileID: 488590}
  m_Layer: 0
  m_Name: MHuman_L_Pinky4
  m_TagString: Untagged
  m_Icon: {fileID: 0}
  m_NavMeshLayer: 0
  m_StaticEditorFlags: 0
  m_IsActive: 1
--- !u!1 &182526
GameObject:
  m_ObjectHideFlags: 1
  m_PrefabParentObject: {fileID: 0}
  m_PrefabInternal: {fileID: 100100000}
  serializedVersion: 5
  m_Component:
  - component: {fileID: 449946}
  m_Layer: 0
  m_Name: MHuman_L_Middle1
  m_TagString: Untagged
  m_Icon: {fileID: 0}
  m_NavMeshLayer: 0
  m_StaticEditorFlags: 0
  m_IsActive: 1
--- !u!1 &182582
GameObject:
  m_ObjectHideFlags: 1
  m_PrefabParentObject: {fileID: 0}
  m_PrefabInternal: {fileID: 100100000}
  serializedVersion: 5
  m_Component:
  - component: {fileID: 405664}
  m_Layer: 0
  m_Name: MHuman_L_Toe
  m_TagString: Untagged
  m_Icon: {fileID: 0}
  m_NavMeshLayer: 0
  m_StaticEditorFlags: 0
  m_IsActive: 1
--- !u!1 &184294
GameObject:
  m_ObjectHideFlags: 1
  m_PrefabParentObject: {fileID: 0}
  m_PrefabInternal: {fileID: 100100000}
  serializedVersion: 5
  m_Component:
  - component: {fileID: 481552}
  m_Layer: 0
  m_Name: MHuman_R_Ring1
  m_TagString: Untagged
  m_Icon: {fileID: 0}
  m_NavMeshLayer: 0
  m_StaticEditorFlags: 0
  m_IsActive: 1
--- !u!1 &187780
GameObject:
  m_ObjectHideFlags: 1
  m_PrefabParentObject: {fileID: 0}
  m_PrefabInternal: {fileID: 100100000}
  serializedVersion: 5
  m_Component:
  - component: {fileID: 444204}
  m_Layer: 0
  m_Name: MHuman_R_Middle3
  m_TagString: Untagged
  m_Icon: {fileID: 0}
  m_NavMeshLayer: 0
  m_StaticEditorFlags: 0
  m_IsActive: 1
--- !u!1 &188064
GameObject:
  m_ObjectHideFlags: 1
  m_PrefabParentObject: {fileID: 0}
  m_PrefabInternal: {fileID: 100100000}
  serializedVersion: 5
  m_Component:
  - component: {fileID: 481466}
  m_Layer: 0
  m_Name: MHuman_L_Knee
  m_TagString: Untagged
  m_Icon: {fileID: 0}
  m_NavMeshLayer: 0
  m_StaticEditorFlags: 0
  m_IsActive: 1
--- !u!1 &189324
GameObject:
  m_ObjectHideFlags: 1
  m_PrefabParentObject: {fileID: 0}
  m_PrefabInternal: {fileID: 100100000}
  serializedVersion: 5
  m_Component:
  - component: {fileID: 472666}
  m_Layer: 0
  m_Name: MHuman_L_Pinky3
  m_TagString: Untagged
  m_Icon: {fileID: 0}
  m_NavMeshLayer: 0
  m_StaticEditorFlags: 0
  m_IsActive: 1
--- !u!1 &190704
GameObject:
  m_ObjectHideFlags: 1
  m_PrefabParentObject: {fileID: 0}
  m_PrefabInternal: {fileID: 100100000}
  serializedVersion: 5
  m_Component:
  - component: {fileID: 400000}
  m_Layer: 0
  m_Name: MHuman_L_Elbow
  m_TagString: Untagged
  m_Icon: {fileID: 0}
  m_NavMeshLayer: 0
  m_StaticEditorFlags: 0
  m_IsActive: 1
--- !u!1 &191022
GameObject:
  m_ObjectHideFlags: 1
  m_PrefabParentObject: {fileID: 0}
  m_PrefabInternal: {fileID: 100100000}
  serializedVersion: 5
  m_Component:
  - component: {fileID: 498382}
  m_Layer: 0
  m_Name: MHuman_Spine3
  m_TagString: Untagged
  m_Icon: {fileID: 0}
  m_NavMeshLayer: 0
  m_StaticEditorFlags: 0
  m_IsActive: 1
--- !u!1 &191066
GameObject:
  m_ObjectHideFlags: 1
  m_PrefabParentObject: {fileID: 0}
  m_PrefabInternal: {fileID: 100100000}
  serializedVersion: 5
  m_Component:
  - component: {fileID: 482092}
  m_Layer: 0
  m_Name: MHuman_L_FootVis1
  m_TagString: Untagged
  m_Icon: {fileID: 0}
  m_NavMeshLayer: 0
  m_StaticEditorFlags: 0
  m_IsActive: 1
--- !u!1 &193194
GameObject:
  m_ObjectHideFlags: 1
  m_PrefabParentObject: {fileID: 0}
  m_PrefabInternal: {fileID: 100100000}
  serializedVersion: 5
  m_Component:
  - component: {fileID: 484228}
  m_Layer: 0
  m_Name: MHuman_R_Index1
  m_TagString: Untagged
  m_Icon: {fileID: 0}
  m_NavMeshLayer: 0
  m_StaticEditorFlags: 0
  m_IsActive: 1
--- !u!1 &195630
GameObject:
  m_ObjectHideFlags: 1
  m_PrefabParentObject: {fileID: 0}
  m_PrefabInternal: {fileID: 100100000}
  serializedVersion: 5
  m_Component:
  - component: {fileID: 482728}
  m_Layer: 0
  m_Name: MHuman_L_Middle2
  m_TagString: Untagged
  m_Icon: {fileID: 0}
  m_NavMeshLayer: 0
  m_StaticEditorFlags: 0
  m_IsActive: 1
--- !u!1 &196378
GameObject:
  m_ObjectHideFlags: 1
  m_PrefabParentObject: {fileID: 0}
  m_PrefabInternal: {fileID: 100100000}
  serializedVersion: 5
  m_Component:
  - component: {fileID: 478726}
  m_Layer: 0
  m_Name: MHuman_L_ToeEnd
  m_TagString: Untagged
  m_Icon: {fileID: 0}
  m_NavMeshLayer: 0
  m_StaticEditorFlags: 0
  m_IsActive: 1
--- !u!1 &197710
GameObject:
  m_ObjectHideFlags: 1
  m_PrefabParentObject: {fileID: 0}
  m_PrefabInternal: {fileID: 100100000}
  serializedVersion: 5
  m_Component:
  - component: {fileID: 429192}
  m_Layer: 0
  m_Name: MHuman_L_FootVis2
  m_TagString: Untagged
  m_Icon: {fileID: 0}
  m_NavMeshLayer: 0
  m_StaticEditorFlags: 0
  m_IsActive: 1
--- !u!1 &199980
GameObject:
  m_ObjectHideFlags: 1
  m_PrefabParentObject: {fileID: 0}
  m_PrefabInternal: {fileID: 100100000}
  serializedVersion: 5
  m_Component:
  - component: {fileID: 445628}
  m_Layer: 0
  m_Name: MHuman_R_Hand
  m_TagString: Untagged
  m_Icon: {fileID: 0}
  m_NavMeshLayer: 0
  m_StaticEditorFlags: 0
  m_IsActive: 1
--- !u!4 &400000
Transform:
  m_ObjectHideFlags: 1
  m_PrefabParentObject: {fileID: 0}
  m_PrefabInternal: {fileID: 100100000}
  m_GameObject: {fileID: 190704}
  m_LocalRotation: {x: 7.519859e-17, y: 3.0827668e-17, z: -0.019191703, w: 0.9998158}
  m_LocalPosition: {x: -0.42434734, y: -0.002308933, z: -0.000592289}
  m_LocalScale: {x: 1, y: 1, z: 1}
  m_Children:
  - {fileID: 431446}
  m_Father: {fileID: 489296}
  m_RootOrder: 0
  m_LocalEulerAnglesHint: {x: 0, y: 0, z: 0}
--- !u!4 &400872
Transform:
  m_ObjectHideFlags: 1
  m_PrefabParentObject: {fileID: 0}
  m_PrefabInternal: {fileID: 100100000}
  m_GameObject: {fileID: 157324}
  m_LocalRotation: {x: 0.006418777, y: -0.012341482, z: 0.7035398, w: 0.7105197}
  m_LocalPosition: {x: -0.03854209, y: -8.5265126e-16, z: -7.105427e-17}
  m_LocalScale: {x: 1, y: 1, z: 1}
  m_Children: []
  m_Father: {fileID: 498810}
  m_RootOrder: 0
  m_LocalEulerAnglesHint: {x: 0, y: 0, z: 0}
--- !u!4 &401172
Transform:
  m_ObjectHideFlags: 1
  m_PrefabParentObject: {fileID: 0}
  m_PrefabInternal: {fileID: 100100000}
  m_GameObject: {fileID: 146096}
  m_LocalRotation: {x: 0, y: 0, z: 0, w: 1}
  m_LocalPosition: {x: -0.5982504, y: -0.023229668, z: -0.108489476}
  m_LocalScale: {x: 1, y: 1, z: 1}
  m_Children:
  - {fileID: 493250}
  m_Father: {fileID: 455752}
  m_RootOrder: 0
  m_LocalEulerAnglesHint: {x: 0, y: 0, z: 0}
--- !u!4 &402466
Transform:
  m_ObjectHideFlags: 1
  m_PrefabParentObject: {fileID: 0}
  m_PrefabInternal: {fileID: 100100000}
  m_GameObject: {fileID: 117562}
  m_LocalRotation: {x: 0.0052418523, y: -0.031923495, z: 0.18545191, w: 0.9821207}
  m_LocalPosition: {x: -0.050032344, y: -0.009833381, z: -0.00066479284}
  m_LocalScale: {x: 1, y: 1, z: 1}
  m_Children:
  - {fileID: 454860}
  m_Father: {fileID: 433948}
  m_RootOrder: 0
  m_LocalEulerAnglesHint: {x: 0, y: 0, z: 0}
--- !u!4 &405664
Transform:
  m_ObjectHideFlags: 1
  m_PrefabParentObject: {fileID: 0}
  m_PrefabInternal: {fileID: 100100000}
  m_GameObject: {fileID: 182582}
  m_LocalRotation: {x: 0, y: 0, z: 0.1649135, w: 0.98630804}
  m_LocalPosition: {x: -0.19756158, y: 0.018512638, z: 0.0061691008}
  m_LocalScale: {x: 1, y: 1, z: 1}
  m_Children:
  - {fileID: 478726}
  m_Father: {fileID: 421538}
  m_RootOrder: 1
  m_LocalEulerAnglesHint: {x: 0, y: 0, z: 0}
--- !u!4 &405732
Transform:
  m_ObjectHideFlags: 1
  m_PrefabParentObject: {fileID: 0}
  m_PrefabInternal: {fileID: 100100000}
  m_GameObject: {fileID: 131346}
  m_LocalRotation: {x: 0.020126851, y: -0.109470606, z: -0.027245447, w: 0.99341273}
  m_LocalPosition: {x: -0.0498932, y: -5.684342e-16, z: 5.684342e-16}
  m_LocalScale: {x: 1, y: 1, z: 1}
  m_Children:
  - {fileID: 421300}
  m_Father: {fileID: 486004}
  m_RootOrder: 0
  m_LocalEulerAnglesHint: {x: 0, y: 0, z: 0}
--- !u!4 &407122
Transform:
  m_ObjectHideFlags: 1
  m_PrefabParentObject: {fileID: 0}
  m_PrefabInternal: {fileID: 100100000}
  m_GameObject: {fileID: 157178}
  m_LocalRotation: {x: 0, y: 0, z: 0.21977648, w: 0.9755503}
  m_LocalPosition: {x: -0.020121247, y: 0.116450325, z: -0.011609646}
  m_LocalScale: {x: 1, y: 1, z: 1}
  m_Children:
  - {fileID: 479696}
  m_Father: {fileID: 493250}
  m_RootOrder: 0
  m_LocalEulerAnglesHint: {x: 0, y: 0, z: 0}
--- !u!4 &407378
Transform:
  m_ObjectHideFlags: 1
  m_PrefabParentObject: {fileID: 0}
  m_PrefabInternal: {fileID: 100100000}
  m_GameObject: {fileID: 154486}
  m_LocalRotation: {x: 0.009234604, y: -0.009234604, z: 0.7070465, w: 0.7070465}
  m_LocalPosition: {x: 0.012312868, y: -0.024746116, z: -0.026875533}
  m_LocalScale: {x: 1, y: 1, z: 1}
  m_Children: []
  m_Father: {fileID: 417152}
  m_RootOrder: 0
  m_LocalEulerAnglesHint: {x: 0, y: 0, z: 0}
--- !u!4 &407670
Transform:
  m_ObjectHideFlags: 1
  m_PrefabParentObject: {fileID: 0}
  m_PrefabInternal: {fileID: 100100000}
  m_GameObject: {fileID: 106258}
  m_LocalRotation: {x: 5.537174e-17, y: -7.975358e-18, z: -0.018693116, w: 0.99982524}
  m_LocalPosition: {x: 0.029038243, y: -0.042020068, z: -0.0033909965}
  m_LocalScale: {x: 1, y: 1, z: 1}
  m_Children:
  - {fileID: 493468}
  m_Father: {fileID: 464018}
  m_RootOrder: 0
  m_LocalEulerAnglesHint: {x: 0, y: 0, z: 0}
--- !u!4 &411580
Transform:
  m_ObjectHideFlags: 1
  m_PrefabParentObject: {fileID: 0}
  m_PrefabInternal: {fileID: 100100000}
  m_GameObject: {fileID: 124242}
  m_LocalRotation: {x: 0.020126851, y: -0.109470606, z: -0.027245447, w: 0.99341273}
  m_LocalPosition: {x: 0.016810862, y: -0.03772239, z: 0.028010389}
  m_LocalScale: {x: 1, y: 1, z: 1}
  m_Children:
  - {fileID: 453226}
  m_Father: {fileID: 450980}
  m_RootOrder: 0
  m_LocalEulerAnglesHint: {x: 0, y: 0, z: 0}
--- !u!4 &415746
Transform:
  m_ObjectHideFlags: 1
  m_PrefabParentObject: {fileID: 0}
  m_PrefabInternal: {fileID: 100100000}
  m_GameObject: {fileID: 168356}
  m_LocalRotation: {x: -0.05926551, y: -0.17888893, z: 0.18149133, w: 0.9651669}
  m_LocalPosition: {x: 0.025569536, y: -0.013459233, z: -0.06057139}
  m_LocalScale: {x: 1, y: 1, z: 1}
  m_Children:
  - {fileID: 481160}
  m_Father: {fileID: 445628}
  m_RootOrder: 2
  m_LocalEulerAnglesHint: {x: 0, y: 0, z: 0}
--- !u!4 &417152
Transform:
  m_ObjectHideFlags: 1
  m_PrefabParentObject: {fileID: 0}
  m_PrefabInternal: {fileID: 100100000}
  m_GameObject: {fileID: 136182}
  m_LocalRotation: {x: -0.008705091, y: -0.007949714, z: 0.07114258, w: 0.99739647}
  m_LocalPosition: {x: 0.013897845, y: -0.013491592, z: -0.019579776}
  m_LocalScale: {x: 1, y: 1, z: 1}
  m_Children:
  - {fileID: 407378}
  m_Father: {fileID: 481160}
  m_RootOrder: 0
  m_LocalEulerAnglesHint: {x: 0, y: 0, z: 0}
--- !u!4 &421300
Transform:
  m_ObjectHideFlags: 1
  m_PrefabParentObject: {fileID: 0}
  m_PrefabInternal: {fileID: 100100000}
  m_GameObject: {fileID: 123444}
  m_LocalRotation: {x: 0.42751345, y: -0.57504904, z: 0.4080118, w: 0.56575364}
  m_LocalPosition: {x: -0.03047682, y: -0.0034852875, z: -0.0023790142}
  m_LocalScale: {x: 1, y: 1, z: 1}
  m_Children: []
  m_Father: {fileID: 405732}
  m_RootOrder: 0
  m_LocalEulerAnglesHint: {x: 0, y: 0, z: 0}
--- !u!4 &421538
Transform:
  m_ObjectHideFlags: 1
  m_PrefabParentObject: {fileID: 0}
  m_PrefabInternal: {fileID: 100100000}
  m_GameObject: {fileID: 180148}
  m_LocalRotation: {x: -0.0086026685, y: 0.0053812317, z: 0.50780135, w: 0.86141443}
  m_LocalPosition: {x: -0.65355635, y: 0.01958636, z: -0.004966466}
  m_LocalScale: {x: 1, y: 1, z: 1}
  m_Children:
  - {fileID: 482092}
  - {fileID: 405664}
  m_Father: {fileID: 481466}
  m_RootOrder: 0
  m_LocalEulerAnglesHint: {x: 0, y: 0, z: 0}
--- !u!4 &421814
Transform:
  m_ObjectHideFlags: 1
  m_PrefabParentObject: {fileID: 0}
  m_PrefabInternal: {fileID: 100100000}
  m_GameObject: {fileID: 158188}
  m_LocalRotation: {x: 0.005685388, y: 0.057221282, z: -0.0181912, w: 0.9981796}
  m_LocalPosition: {x: -0.026993677, y: 1.4210854e-15, z: -1.4210854e-16}
  m_LocalScale: {x: 1, y: 1, z: 1}
  m_Children:
  - {fileID: 472666}
  m_Father: {fileID: 485580}
  m_RootOrder: 0
  m_LocalEulerAnglesHint: {x: 0, y: 0, z: 0}
--- !u!4 &423340
Transform:
  m_ObjectHideFlags: 1
  m_PrefabParentObject: {fileID: 0}
  m_PrefabInternal: {fileID: 100100000}
  m_GameObject: {fileID: 164242}
  m_LocalRotation: {x: 0.13332762, y: 0.35403973, z: 0.21697962, w: 0.89988863}
  m_LocalPosition: {x: 0.024320448, y: -0.0208938, z: 0.027480014}
  m_LocalScale: {x: 1, y: 1, z: 1}
  m_Children:
  - {fileID: 486004}
  m_Father: {fileID: 453618}
  m_RootOrder: 4
  m_LocalEulerAnglesHint: {x: 0, y: 0, z: 0}
--- !u!4 &425086
Transform:
  m_ObjectHideFlags: 1
  m_PrefabParentObject: {fileID: 0}
  m_PrefabInternal: {fileID: 100100000}
  m_GameObject: {fileID: 178198}
  m_LocalRotation: {x: 0, y: 0, z: 0.23869741, w: 0.971094}
  m_LocalPosition: {x: -0.19515307, y: 0.016053015, z: -0.032694466}
  m_LocalScale: {x: 1, y: 1, z: 1}
  m_Children:
  - {fileID: 471112}
  m_Father: {fileID: 493250}
  m_RootOrder: 1
  m_LocalEulerAnglesHint: {x: 0, y: 0, z: 0}
--- !u!4 &425230
Transform:
  m_ObjectHideFlags: 1
  m_PrefabParentObject: {fileID: 0}
  m_PrefabInternal: {fileID: 100100000}
  m_GameObject: {fileID: 173748}
  m_LocalRotation: {x: 0.013089635, y: -0.6764157, z: -0.014247824, w: 0.7362659}
  m_LocalPosition: {x: -0.1394223, y: 0, z: -0.04073011}
  m_LocalScale: {x: 1, y: 1, z: 1}
  m_Children:
  - {fileID: 481466}
  m_Father: {fileID: 482424}
  m_RootOrder: 0
  m_LocalEulerAnglesHint: {x: 0, y: 0, z: 0}
--- !u!4 &429192
Transform:
  m_ObjectHideFlags: 1
  m_PrefabParentObject: {fileID: 0}
  m_PrefabInternal: {fileID: 100100000}
  m_GameObject: {fileID: 197710}
  m_LocalRotation: {x: -1.0863706e-16, y: 3.989864e-17, z: -2.220446e-16, w: 1}
  m_LocalPosition: {x: -0.20439558, y: -0.0013771622, z: 0.008952282}
  m_LocalScale: {x: 1, y: 1, z: 1}
  m_Children: []
  m_Father: {fileID: 482092}
  m_RootOrder: 0
  m_LocalEulerAnglesHint: {x: 0, y: 0, z: 0}
--- !u!4 &431236
Transform:
  m_ObjectHideFlags: 1
  m_PrefabParentObject: {fileID: 0}
  m_PrefabInternal: {fileID: 100100000}
  m_GameObject: {fileID: 146938}
  m_LocalRotation: {x: 0.13332762, y: 0.35403973, z: 0.21697962, w: 0.89988863}
  m_LocalPosition: {x: -0.015048662, y: -0.020419972, z: 0.03375376}
  m_LocalScale: {x: 1, y: 1, z: 1}
  m_Children:
  - {fileID: 450980}
  m_Father: {fileID: 445628}
  m_RootOrder: 4
  m_LocalEulerAnglesHint: {x: 0, y: 0, z: 0}
--- !u!4 &431446
Transform:
  m_ObjectHideFlags: 1
  m_PrefabParentObject: {fileID: 0}
  m_PrefabInternal: {fileID: 100100000}
  m_GameObject: {fileID: 107006}
  m_LocalRotation: {x: 0.69644934, y: -0.042413224, z: -0.03846205, w: 0.7153182}
  m_LocalPosition: {x: -0.4460463, y: -0.0096743805, z: 0.00094002776}
  m_LocalScale: {x: 1, y: 1, z: 1}
  m_Children:
  - {fileID: 453618}
  m_Father: {fileID: 400000}
  m_RootOrder: 0
  m_LocalEulerAnglesHint: {x: 0, y: 0, z: 0}
--- !u!4 &431834
Transform:
  m_ObjectHideFlags: 1
  m_PrefabParentObject: {fileID: 0}
  m_PrefabInternal: {fileID: 100100000}
  m_GameObject: {fileID: 170242}
  m_LocalRotation: {x: 0.0010308482, y: 0.019060124, z: -0.005441402, w: 0.999803}
  m_LocalPosition: {x: -0.0457568, y: -0.00007974364, z: -0.0011732302}
  m_LocalScale: {x: 1, y: 1, z: 1}
  m_Children:
  - {fileID: 462168}
  m_Father: {fileID: 482728}
  m_RootOrder: 0
  m_LocalEulerAnglesHint: {x: 0, y: 0, z: 0}
--- !u!4 &432160
Transform:
  m_ObjectHideFlags: 1
  m_PrefabParentObject: {fileID: 0}
  m_PrefabInternal: {fileID: 100100000}
  m_GameObject: {fileID: 156684}
  m_LocalRotation: {x: 0.0051464597, y: 0.043413773, z: 0.06493466, w: 0.99693143}
  m_LocalPosition: {x: 0.028710237, y: -0.020318728, z: -0.02761444}
  m_LocalScale: {x: 1, y: 1, z: 1}
  m_Children:
  - {fileID: 457582}
  m_Father: {fileID: 481552}
  m_RootOrder: 0
  m_LocalEulerAnglesHint: {x: 0, y: 0, z: 0}
--- !u!4 &432650
Transform:
  m_ObjectHideFlags: 1
  m_PrefabParentObject: {fileID: 0}
  m_PrefabInternal: {fileID: 100100000}
  m_GameObject: {fileID: 104188}
  m_LocalRotation: {x: 0.19936794, y: -0, z: -0, w: 0.9799247}
  m_LocalPosition: {x: -0, y: 0.09399257, z: 0.09399257}
  m_LocalScale: {x: 1, y: 1, z: 1}
  m_Children:
  - {fileID: 491198}
  m_Father: {fileID: 482424}
  m_RootOrder: 2
  m_LocalEulerAnglesHint: {x: 0, y: 0, z: 0}
--- !u!4 &433948
Transform:
  m_ObjectHideFlags: 1
  m_PrefabParentObject: {fileID: 0}
  m_PrefabInternal: {fileID: 100100000}
  m_GameObject: {fileID: 154492}
  m_LocalRotation: {x: -0.016905297, y: 0.08631164, z: 0.060605835, w: 0.9942794}
  m_LocalPosition: {x: -0.061788306, y: -0.006738056, z: 0.0303497}
  m_LocalScale: {x: 1, y: 1, z: 1}
  m_Children:
  - {fileID: 402466}
  m_Father: {fileID: 453618}
  m_RootOrder: 0
  m_LocalEulerAnglesHint: {x: 0, y: 0, z: 0}
--- !u!4 &444204
Transform:
  m_ObjectHideFlags: 1
  m_PrefabParentObject: {fileID: 0}
  m_PrefabInternal: {fileID: 100100000}
  m_GameObject: {fileID: 187780}
  m_LocalRotation: {x: 0.0010308482, y: 0.019060124, z: -0.005441402, w: 0.999803}
  m_LocalPosition: {x: 0.027803525, y: -0.033865202, z: -0.013231974}
  m_LocalScale: {x: 1, y: 1, z: 1}
  m_Children:
  - {fileID: 446422}
  m_Father: {fileID: 452894}
  m_RootOrder: 0
  m_LocalEulerAnglesHint: {x: 0, y: 0, z: 0}
--- !u!4 &445628
Transform:
  m_ObjectHideFlags: 1
  m_PrefabParentObject: {fileID: 0}
  m_PrefabInternal: {fileID: 100100000}
  m_GameObject: {fileID: 199980}
  m_LocalRotation: {x: 0.013079416, y: -0.021979144, z: -0.0038408425, w: 0.9996655}
  m_LocalPosition: {x: 0.081561804, y: -0.0026384252, z: -0.01900607}
  m_LocalScale: {x: 1, y: 1, z: 1}
  m_Children:
  - {fileID: 484228}
  - {fileID: 450188}
  - {fileID: 415746}
  - {fileID: 481552}
  - {fileID: 431236}
  m_Father: {fileID: 459220}
  m_RootOrder: 0
  m_LocalEulerAnglesHint: {x: 0, y: 0, z: 0}
--- !u!4 &446422
Transform:
  m_ObjectHideFlags: 1
  m_PrefabParentObject: {fileID: 0}
  m_PrefabInternal: {fileID: 100100000}
  m_GameObject: {fileID: 138378}
  m_LocalRotation: {x: 0.009457547, y: -0.009457547, z: 0.7070435, w: 0.7070435}
  m_LocalPosition: {x: 0.01873769, y: -0.027539436, z: -0.007827892}
  m_LocalScale: {x: 1, y: 1, z: 1}
  m_Children: []
  m_Father: {fileID: 444204}
  m_RootOrder: 0
  m_LocalEulerAnglesHint: {x: 0, y: 0, z: 0}
--- !u!4 &449946
Transform:
  m_ObjectHideFlags: 1
  m_PrefabParentObject: {fileID: 0}
  m_PrefabInternal: {fileID: 100100000}
  m_GameObject: {fileID: 182526}
  m_LocalRotation: {x: -0.038640466, y: 0.019323364, z: 0.18258373, w: 0.9822407}
  m_LocalPosition: {x: -0.06597837, y: 0.00060322887, z: -0.00028214435}
  m_LocalScale: {x: 1, y: 1, z: 1}
  m_Children:
  - {fileID: 482728}
  m_Father: {fileID: 453618}
  m_RootOrder: 1
  m_LocalEulerAnglesHint: {x: 0, y: 0, z: 0}
--- !u!4 &450188
Transform:
  m_ObjectHideFlags: 1
  m_PrefabParentObject: {fileID: 0}
  m_PrefabInternal: {fileID: 100100000}
  m_GameObject: {fileID: 135768}
  m_LocalRotation: {x: -0.038640466, y: 0.019323364, z: 0.18258373, w: 0.9822407}
  m_LocalPosition: {x: 0.0626242, y: -0.0009424444, z: -0.020775864}
  m_LocalScale: {x: 1, y: 1, z: 1}
  m_Children:
  - {fileID: 452894}
  m_Father: {fileID: 445628}
  m_RootOrder: 1
  m_LocalEulerAnglesHint: {x: 0, y: 0, z: 0}
--- !u!4 &450980
Transform:
  m_ObjectHideFlags: 1
  m_PrefabParentObject: {fileID: 0}
  m_PrefabInternal: {fileID: 100100000}
  m_GameObject: {fileID: 103358}
  m_LocalRotation: {x: -0.04938787, y: -0.12178796, z: 0.033187587, w: 0.990771}
  m_LocalPosition: {x: 0.005345403, y: -0.024269452, z: 0.04101538}
  m_LocalScale: {x: 1, y: 1, z: 1}
  m_Children:
  - {fileID: 411580}
  m_Father: {fileID: 431236}
  m_RootOrder: 0
  m_LocalEulerAnglesHint: {x: 0, y: 0, z: 0}
--- !u!4 &452358
Transform:
  m_ObjectHideFlags: 1
  m_PrefabParentObject: {fileID: 0}
  m_PrefabInternal: {fileID: 100100000}
  m_GameObject: {fileID: 139318}
  m_LocalRotation: {x: 0.009666462, y: -0.009666462, z: 0.7070407, w: 0.7070407}
  m_LocalPosition: {x: -0.020131972, y: -0.00201529, z: -0.000007906217}
  m_LocalScale: {x: 1, y: 1, z: 1}
  m_Children: []
  m_Father: {fileID: 454860}
  m_RootOrder: 0
  m_LocalEulerAnglesHint: {x: 0, y: 0, z: 0}
--- !u!4 &452552
Transform:
  m_ObjectHideFlags: 1
  m_PrefabParentObject: {fileID: 0}
  m_PrefabInternal: {fileID: 100100000}
  m_GameObject: {fileID: 116400}
  m_LocalRotation: {x: 0.23109253, y: 0.000060610237, z: 0.0005800441, w: 0.9729316}
  m_LocalPosition: {x: -0, y: -0.06266171, z: 0.31330857}
  m_LocalScale: {x: 1, y: 1, z: 1}
  m_Children:
  - {fileID: 457994}
  m_Father: {fileID: 487408}
  m_RootOrder: 1
  m_LocalEulerAnglesHint: {x: 0, y: 0, z: 0}
--- !u!4 &452894
Transform:
  m_ObjectHideFlags: 1
  m_PrefabParentObject: {fileID: 0}
  m_PrefabInternal: {fileID: 100100000}
  m_GameObject: {fileID: 159814}
  m_LocalRotation: {x: -0.00022229088, y: -0.007107041, z: 0.03126148, w: 0.99948597}
  m_LocalPosition: {x: 0.042797275, y: -0.040447798, z: -0.015987694}
  m_LocalScale: {x: 1, y: 1, z: 1}
  m_Children:
  - {fileID: 444204}
  m_Father: {fileID: 450188}
  m_RootOrder: 0
  m_LocalEulerAnglesHint: {x: 0, y: 0, z: 0}
--- !u!4 &453226
Transform:
  m_ObjectHideFlags: 1
  m_PrefabParentObject: {fileID: 0}
  m_PrefabInternal: {fileID: 100100000}
  m_GameObject: {fileID: 137850}
  m_LocalRotation: {x: 0.42751345, y: -0.57504904, z: 0.4080118, w: 0.56575364}
  m_LocalPosition: {x: 0.016880592, y: -0.02482932, z: 0.0066796383}
  m_LocalScale: {x: 1, y: 1, z: 1}
  m_Children: []
  m_Father: {fileID: 411580}
  m_RootOrder: 0
  m_LocalEulerAnglesHint: {x: 0, y: 0, z: 0}
--- !u!4 &453618
Transform:
  m_ObjectHideFlags: 1
  m_PrefabParentObject: {fileID: 0}
  m_PrefabInternal: {fileID: 100100000}
  m_GameObject: {fileID: 102876}
  m_LocalRotation: {x: 0.013079416, y: -0.021979144, z: -0.0038408425, w: 0.9996655}
  m_LocalPosition: {x: -0.083796136, y: 0, z: -3.5527136e-17}
  m_LocalScale: {x: 1, y: 1, z: 1}
  m_Children:
  - {fileID: 433948}
  - {fileID: 449946}
  - {fileID: 485580}
  - {fileID: 485584}
  - {fileID: 423340}
  m_Father: {fileID: 431446}
  m_RootOrder: 0
  m_LocalEulerAnglesHint: {x: 0, y: 0, z: 0}
--- !u!4 &454860
Transform:
  m_ObjectHideFlags: 1
  m_PrefabParentObject: {fileID: 0}
  m_PrefabInternal: {fileID: 100100000}
  m_GameObject: {fileID: 138730}
  m_LocalRotation: {x: -1.0194167e-16, y: 2.272626e-17, z: -0.018693116, w: 0.99982524}
  m_LocalPosition: {x: -0.0511395, y: 0.002212603, z: 0.0007682892}
  m_LocalScale: {x: 1, y: 1, z: 1}
  m_Children:
  - {fileID: 452358}
  m_Father: {fileID: 402466}
  m_RootOrder: 0
  m_LocalEulerAnglesHint: {x: 0, y: 0, z: 0}
--- !u!4 &455752
Transform:
  m_ObjectHideFlags: 1
  m_PrefabParentObject: {fileID: 0}
  m_PrefabInternal: {fileID: 100100000}
  m_GameObject: {fileID: 135960}
  m_LocalRotation: {x: 0.013089635, y: -0.6764157, z: -0.014247824, w: 0.7362659}
  m_LocalPosition: {x: 0.139422, y: -0.00000001767103, z: -0.04072616}
  m_LocalScale: {x: 1, y: 1, z: 1}
  m_Children:
  - {fileID: 401172}
  m_Father: {fileID: 482424}
  m_RootOrder: 1
  m_LocalEulerAnglesHint: {x: 0, y: 0, z: 0}
--- !u!4 &457120
Transform:
  m_ObjectHideFlags: 1
  m_PrefabParentObject: {fileID: 0}
  m_PrefabInternal: {fileID: 100100000}
  m_GameObject: {fileID: 155230}
  m_LocalRotation: {x: 0.006418777, y: -0.012341482, z: 0.7035398, w: 0.7105197}
  m_LocalPosition: {x: 0.014554565, y: -0.031844825, z: -0.01611474}
  m_LocalScale: {x: 1, y: 1, z: 1}
  m_Children: []
  m_Father: {fileID: 457582}
  m_RootOrder: 0
  m_LocalEulerAnglesHint: {x: 0, y: 0, z: 0}
--- !u!4 &457582
Transform:
  m_ObjectHideFlags: 1
  m_PrefabParentObject: {fileID: 0}
  m_PrefabInternal: {fileID: 100100000}
  m_GameObject: {fileID: 138592}
  m_LocalRotation: {x: 0.00033908672, y: 0.0041082865, z: 0.073334515, w: 0.9972989}
  m_LocalPosition: {x: 0.02617234, y: -0.029342443, z: -0.020502452}
  m_LocalScale: {x: 1, y: 1, z: 1}
  m_Children:
  - {fileID: 457120}
  m_Father: {fileID: 432160}
  m_RootOrder: 0
  m_LocalEulerAnglesHint: {x: 0, y: 0, z: 0}
--- !u!4 &457994
Transform:
  m_ObjectHideFlags: 1
  m_PrefabParentObject: {fileID: 0}
  m_PrefabInternal: {fileID: 100100000}
  m_GameObject: {fileID: 176482}
  m_LocalRotation: {x: -0.13667281, y: 0.0006082364, z: -0.00029721996, w: 0.990616}
  m_LocalPosition: {x: 1.2143064e-19, y: 7.105427e-17, z: 0.17231971}
  m_LocalScale: {x: 1, y: 1, z: 1}
  m_Children:
  - {fileID: 472962}
  m_Father: {fileID: 452552}
  m_RootOrder: 0
  m_LocalEulerAnglesHint: {x: 0, y: 0, z: 0}
--- !u!4 &459220
Transform:
  m_ObjectHideFlags: 1
  m_PrefabParentObject: {fileID: 0}
  m_PrefabInternal: {fileID: 100100000}
  m_GameObject: {fileID: 123200}
  m_LocalRotation: {x: 0.69644934, y: -0.042413224, z: -0.03846205, w: 0.7153182}
  m_LocalPosition: {x: 0.4459386, y: -0.010017812, z: -0.009617975}
  m_LocalScale: {x: 1, y: 1, z: 1}
  m_Children:
  - {fileID: 445628}
  m_Father: {fileID: 483980}
  m_RootOrder: 0
  m_LocalEulerAnglesHint: {x: 0, y: 0, z: 0}
--- !u!4 &462168
Transform:
  m_ObjectHideFlags: 1
  m_PrefabParentObject: {fileID: 0}
  m_PrefabInternal: {fileID: 100100000}
  m_GameObject: {fileID: 134166}
  m_LocalRotation: {x: 0.009457547, y: -0.009457547, z: 0.7070435, w: 0.7070435}
  m_LocalPosition: {x: -0.0339301, y: -0.0041519403, z: -0.0013295924}
  m_LocalScale: {x: 1, y: 1, z: 1}
  m_Children: []
  m_Father: {fileID: 431834}
  m_RootOrder: 0
  m_LocalEulerAnglesHint: {x: 0, y: 0, z: 0}
--- !u!4 &464018
Transform:
  m_ObjectHideFlags: 1
  m_PrefabParentObject: {fileID: 0}
  m_PrefabInternal: {fileID: 100100000}
  m_GameObject: {fileID: 165368}
  m_LocalRotation: {x: 0.0052418523, y: -0.031923495, z: 0.18545191, w: 0.9821207}
  m_LocalPosition: {x: 0.045814775, y: -0.022397017, z: 0.0004966365}
  m_LocalScale: {x: 1, y: 1, z: 1}
  m_Children:
  - {fileID: 407670}
  m_Father: {fileID: 484228}
  m_RootOrder: 0
  m_LocalEulerAnglesHint: {x: 0, y: 0, z: 0}
--- !u!4 &465984
Transform:
  m_ObjectHideFlags: 1
  m_PrefabParentObject: {fileID: 0}
  m_PrefabInternal: {fileID: 100100000}
  m_GameObject: {fileID: 141020}
  m_LocalRotation: {x: -0.049468577, y: 0.14221074, z: 0.014246028, w: 0.98849684}
  m_LocalPosition: {x: -0.046996284, y: -0.07049443, z: 0.25377995}
  m_LocalScale: {x: 1, y: 1, z: 1}
  m_Children:
  - {fileID: 489296}
  m_Father: {fileID: 487408}
  m_RootOrder: 0
  m_LocalEulerAnglesHint: {x: 0, y: 0, z: 0}
--- !u!4 &469050
Transform:
  m_ObjectHideFlags: 1
  m_PrefabParentObject: {fileID: 0}
  m_PrefabInternal: {fileID: 100100000}
  m_GameObject: {fileID: 136600}
  m_LocalRotation: {x: 0.1639209, y: -0.15187097, z: 0.020695366, w: 0.97449315}
  m_LocalPosition: {x: 0.18859509, y: -0.01819198, z: 0.12049428}
  m_LocalScale: {x: 1, y: 1, z: 1}
  m_Children:
  - {fileID: 483980}
  m_Father: {fileID: 491238}
  m_RootOrder: 0
  m_LocalEulerAnglesHint: {x: 0, y: 0, z: 0}
--- !u!4 &471112
Transform:
  m_ObjectHideFlags: 1
  m_PrefabParentObject: {fileID: 0}
  m_PrefabInternal: {fileID: 100100000}
  m_GameObject: {fileID: 151420}
  m_LocalRotation: {x: 0, y: 0, z: 0, w: 1}
  m_LocalPosition: {x: -0.08850949, y: 0.0042336797, z: -0.005791599}
  m_LocalScale: {x: 1, y: 1, z: 1}
  m_Children: []
  m_Father: {fileID: 425086}
  m_RootOrder: 0
  m_LocalEulerAnglesHint: {x: 0, y: 0, z: 0}
--- !u!4 &472666
Transform:
  m_ObjectHideFlags: 1
  m_PrefabParentObject: {fileID: 0}
  m_PrefabInternal: {fileID: 100100000}
  m_GameObject: {fileID: 189324}
  m_LocalRotation: {x: -0.008705091, y: -0.007949714, z: 0.07114258, w: 0.99739647}
  m_LocalPosition: {x: -0.027539348, y: -8.5265126e-16, z: -1.4210854e-16}
  m_LocalScale: {x: 1, y: 1, z: 1}
  m_Children:
  - {fileID: 488590}
  m_Father: {fileID: 421814}
  m_RootOrder: 0
  m_LocalEulerAnglesHint: {x: 0, y: 0, z: 0}
--- !u!4 &472962
Transform:
  m_ObjectHideFlags: 1
  m_PrefabParentObject: {fileID: 0}
  m_PrefabInternal: {fileID: 100100000}
  m_GameObject: {fileID: 173376}
  m_LocalRotation: {x: -1.110223e-16, y: -5.5904175e-20, z: -1.0842022e-19, w: 1}
  m_LocalPosition: {x: -0.000054805212, y: -0.0011284106, z: 0.32964844}
  m_LocalScale: {x: 1, y: 1, z: 1}
  m_Children: []
  m_Father: {fileID: 457994}
  m_RootOrder: 0
  m_LocalEulerAnglesHint: {x: 0, y: 0, z: 0}
--- !u!4 &478726
Transform:
  m_ObjectHideFlags: 1
  m_PrefabParentObject: {fileID: 0}
  m_PrefabInternal: {fileID: 100100000}
  m_GameObject: {fileID: 196378}
  m_LocalRotation: {x: -3.5778672e-16, y: 1.5612511e-17, z: -1.179612e-16, w: 1}
  m_LocalPosition: {x: -0.08867065, y: 0.004767024, z: 0.000497995}
  m_LocalScale: {x: 1, y: 1, z: 1}
  m_Children: []
  m_Father: {fileID: 405664}
  m_RootOrder: 0
  m_LocalEulerAnglesHint: {x: 0, y: 0, z: 0}
--- !u!4 &479696
Transform:
  m_ObjectHideFlags: 1
  m_PrefabParentObject: {fileID: 0}
  m_PrefabInternal: {fileID: 100100000}
  m_GameObject: {fileID: 140276}
  m_LocalRotation: {x: 0, y: 0, z: 0, w: 1}
  m_LocalPosition: {x: -0.20355247, y: -0.003825797, z: -0.020284936}
  m_LocalScale: {x: 1, y: 1, z: 1}
  m_Children: []
  m_Father: {fileID: 407122}
  m_RootOrder: 0
  m_LocalEulerAnglesHint: {x: 0, y: 0, z: 0}
--- !u!4 &481160
Transform:
  m_ObjectHideFlags: 1
  m_PrefabParentObject: {fileID: 0}
  m_PrefabInternal: {fileID: 100100000}
  m_GameObject: {fileID: 154482}
  m_LocalRotation: {x: 0.005685388, y: 0.057221282, z: -0.0181912, w: 0.9981796}
  m_LocalPosition: {x: 0.007893203, y: -0.013357388, z: -0.022090403}
  m_LocalScale: {x: 1, y: 1, z: 1}
  m_Children:
  - {fileID: 417152}
  m_Father: {fileID: 415746}
  m_RootOrder: 0
  m_LocalEulerAnglesHint: {x: 0, y: 0, z: 0}
--- !u!4 &481466
Transform:
  m_ObjectHideFlags: 1
  m_PrefabParentObject: {fileID: 0}
  m_PrefabInternal: {fileID: 100100000}
  m_GameObject: {fileID: 188064}
  m_LocalRotation: {x: 4.276579e-18, y: -1.148488e-16, z: -2.4286129e-17, w: 1}
  m_LocalPosition: {x: -0.6079596, y: -0.023605647, z: 0.0060228356}
  m_LocalScale: {x: 1, y: 1, z: 1}
  m_Children:
  - {fileID: 421538}
  m_Father: {fileID: 425230}
  m_RootOrder: 0
  m_LocalEulerAnglesHint: {x: 0, y: 0, z: 0}
--- !u!4 &481552
Transform:
  m_ObjectHideFlags: 1
  m_PrefabParentObject: {fileID: 0}
  m_PrefabInternal: {fileID: 100100000}
  m_GameObject: {fileID: 184294}
  m_LocalRotation: {x: -0.031590417, y: -0.09116286, z: 0.1328103, w: 0.9864344}
  m_LocalPosition: {x: 0.049449403, y: -0.005248626, z: -0.04834791}
  m_LocalScale: {x: 1, y: 1, z: 1}
  m_Children:
  - {fileID: 432160}
  m_Father: {fileID: 445628}
  m_RootOrder: 3
  m_LocalEulerAnglesHint: {x: 0, y: 0, z: 0}
--- !u!4 &482092
Transform:
  m_ObjectHideFlags: 1
  m_PrefabParentObject: {fileID: 0}
  m_PrefabInternal: {fileID: 100100000}
  m_GameObject: {fileID: 191066}
  m_LocalRotation: {x: 4.3700054e-17, y: 2.407055e-17, z: 0.21977648, w: 0.9755503}
  m_LocalPosition: {x: -0.020489326, y: 0.11682611, z: -0.005670877}
  m_LocalScale: {x: 1, y: 1, z: 1}
  m_Children:
  - {fileID: 429192}
  m_Father: {fileID: 421538}
  m_RootOrder: 0
  m_LocalEulerAnglesHint: {x: 0, y: 0, z: 0}
--- !u!4 &482424
Transform:
  m_ObjectHideFlags: 1
  m_PrefabParentObject: {fileID: 0}
  m_PrefabInternal: {fileID: 100100000}
  m_GameObject: {fileID: 106956}
  m_LocalRotation: {x: -0.7071068, y: 0, z: -0, w: 0.7071068}
  m_LocalPosition: {x: 0, y: 1.4319261, z: -0.012283817}
  m_LocalScale: {x: 1, y: 1, z: 1}
  m_Children:
  - {fileID: 425230}
  - {fileID: 455752}
  - {fileID: 432650}
  m_Father: {fileID: 498032}
  m_RootOrder: 1
  m_LocalEulerAnglesHint: {x: 0, y: 0, z: 0}
--- !u!4 &482728
Transform:
  m_ObjectHideFlags: 1
  m_PrefabParentObject: {fileID: 0}
  m_PrefabInternal: {fileID: 100100000}
  m_GameObject: {fileID: 195630}
  m_LocalRotation: {x: -0.00022229088, y: -0.007107041, z: 0.03126148, w: 0.99948597}
  m_LocalPosition: {x: -0.06101508, y: -0.0005116231, z: -0.0009243497}
  m_LocalScale: {x: 1, y: 1, z: 1}
  m_Children:
  - {fileID: 431834}
  m_Father: {fileID: 449946}
  m_RootOrder: 0
  m_LocalEulerAnglesHint: {x: 0, y: 0, z: 0}
--- !u!4 &483980
Transform:
  m_ObjectHideFlags: 1
  m_PrefabParentObject: {fileID: 0}
  m_PrefabInternal: {fileID: 100100000}
  m_GameObject: {fileID: 106530}
  m_LocalRotation: {x: 7.335129e-17, y: 2.49794e-17, z: -0.019191703, w: 0.9998158}
  m_LocalPosition: {x: 0.4227614, y: -0.03516849, z: -0.010629382}
  m_LocalScale: {x: 1, y: 1, z: 1}
  m_Children:
  - {fileID: 459220}
  m_Father: {fileID: 469050}
  m_RootOrder: 0
  m_LocalEulerAnglesHint: {x: 0, y: 0, z: 0}
--- !u!4 &484228
Transform:
  m_ObjectHideFlags: 1
  m_PrefabParentObject: {fileID: 0}
  m_PrefabInternal: {fileID: 100100000}
  m_GameObject: {fileID: 193194}
  m_LocalRotation: {x: -0.016905297, y: 0.08631164, z: 0.060605835, w: 0.9942794}
  m_LocalPosition: {x: 0.067985274, y: -0.0082932515, z: 0.009669312}
  m_LocalScale: {x: 1, y: 1, z: 1}
  m_Children:
  - {fileID: 464018}
  m_Father: {fileID: 445628}
  m_RootOrder: 0
  m_LocalEulerAnglesHint: {x: 0, y: 0, z: 0}
--- !u!4 &485580
Transform:
  m_ObjectHideFlags: 1
  m_PrefabParentObject: {fileID: 0}
  m_PrefabInternal: {fileID: 100100000}
  m_GameObject: {fileID: 136516}
  m_LocalRotation: {x: -0.05926551, y: -0.17888893, z: 0.18149133, w: 0.9651669}
  m_LocalPosition: {x: -0.043435004, y: -0.012628302, z: -0.049575105}
  m_LocalScale: {x: 1, y: 1, z: 1}
  m_Children:
  - {fileID: 421814}
  m_Father: {fileID: 453618}
  m_RootOrder: 2
  m_LocalEulerAnglesHint: {x: 0, y: 0, z: 0}
--- !u!4 &485584
Transform:
  m_ObjectHideFlags: 1
  m_PrefabParentObject: {fileID: 0}
  m_PrefabInternal: {fileID: 100100000}
  m_GameObject: {fileID: 124422}
  m_LocalRotation: {x: -0.031590417, y: -0.09116286, z: 0.1328103, w: 0.9864344}
  m_LocalPosition: {x: -0.06213469, y: -0.0039053285, z: -0.030566253}
  m_LocalScale: {x: 1, y: 1, z: 1}
  m_Children:
  - {fileID: 486250}
  m_Father: {fileID: 453618}
  m_RootOrder: 3
  m_LocalEulerAnglesHint: {x: 0, y: 0, z: 0}
--- !u!4 &486004
Transform:
  m_ObjectHideFlags: 1
  m_PrefabParentObject: {fileID: 0}
  m_PrefabInternal: {fileID: 100100000}
  m_GameObject: {fileID: 146070}
  m_LocalRotation: {x: -0.04938787, y: -0.12178796, z: 0.033187587, w: 0.990771}
  m_LocalPosition: {x: -0.047903266, y: 0.0022440916, z: -0.00079560606}
  m_LocalScale: {x: 1, y: 1, z: 1}
  m_Children:
  - {fileID: 405732}
  m_Father: {fileID: 423340}
  m_RootOrder: 0
  m_LocalEulerAnglesHint: {x: 0, y: 0, z: 0}
--- !u!4 &486250
Transform:
  m_ObjectHideFlags: 1
  m_PrefabParentObject: {fileID: 0}
  m_PrefabInternal: {fileID: 100100000}
  m_GameObject: {fileID: 125156}
  m_LocalRotation: {x: 0.0051464597, y: 0.043413773, z: 0.06493466, w: 0.99693143}
  m_LocalPosition: {x: -0.04471647, y: 1.9895197e-15, z: 1.4210854e-16}
  m_LocalScale: {x: 1, y: 1, z: 1}
  m_Children:
  - {fileID: 498810}
  m_Father: {fileID: 485584}
  m_RootOrder: 0
  m_LocalEulerAnglesHint: {x: 0, y: 0, z: 0}
--- !u!4 &487408
Transform:
  m_ObjectHideFlags: 1
  m_PrefabParentObject: {fileID: 0}
  m_PrefabInternal: {fileID: 100100000}
  m_GameObject: {fileID: 160686}
  m_LocalRotation: {x: 0, y: 0, z: 0, w: 1}
  m_LocalPosition: {x: -0, y: 0, z: 0.12532341}
  m_LocalScale: {x: 1, y: 1, z: 1}
  m_Children:
  - {fileID: 465984}
  - {fileID: 452552}
  - {fileID: 491238}
  m_Father: {fileID: 498382}
  m_RootOrder: 0
  m_LocalEulerAnglesHint: {x: 0, y: 0, z: 0}
--- !u!4 &488590
Transform:
  m_ObjectHideFlags: 1
  m_PrefabParentObject: {fileID: 0}
  m_PrefabInternal: {fileID: 100100000}
  m_GameObject: {fileID: 181904}
  m_LocalRotation: {x: 0.009234604, y: -0.009234604, z: 0.7070465, w: 0.7070465}
  m_LocalPosition: {x: -0.038552478, y: 8.5265126e-16, z: -7.105427e-17}
  m_LocalScale: {x: 1, y: 1, z: 1}
  m_Children: []
  m_Father: {fileID: 472666}
  m_RootOrder: 0
  m_LocalEulerAnglesHint: {x: 0, y: 0, z: 0}
--- !u!4 &489296
Transform:
  m_ObjectHideFlags: 1
  m_PrefabParentObject: {fileID: 0}
  m_PrefabInternal: {fileID: 100100000}
  m_GameObject: {fileID: 118068}
  m_LocalRotation: {x: 0.1639209, y: -0.15187097, z: 0.020695366, w: 0.97449315}
  m_LocalPosition: {x: -0.22453938, y: 1.4210854e-16, z: 0}
  m_LocalScale: {x: 1, y: 1, z: 1}
  m_Children:
  - {fileID: 400000}
  m_Father: {fileID: 465984}
  m_RootOrder: 0
  m_LocalEulerAnglesHint: {x: 0, y: 0, z: 0}
--- !u!4 &490018
Transform:
  m_ObjectHideFlags: 1
  m_PrefabParentObject: {fileID: 0}
  m_PrefabInternal: {fileID: 100100000}
  m_GameObject: {fileID: 132520}
  m_LocalRotation: {x: 0, y: 0, z: 0, w: 1}
  m_LocalPosition: {x: 0, y: 0, z: 0}
  m_LocalScale: {x: 1, y: 1, z: 1}
  m_Children: []
  m_Father: {fileID: 498032}
  m_RootOrder: 0
  m_LocalEulerAnglesHint: {x: 0, y: 0, z: 0}
--- !u!4 &491198
Transform:
  m_ObjectHideFlags: 1
  m_PrefabParentObject: {fileID: 0}
  m_PrefabInternal: {fileID: 100100000}
  m_GameObject: {fileID: 106462}
  m_LocalRotation: {x: -0.130525, y: 0, z: -0, w: 0.991445}
  m_LocalPosition: {x: -0, y: -1.4210854e-16, z: 0.12532341}
  m_LocalScale: {x: 1, y: 1, z: 1}
  m_Children:
  - {fileID: 498382}
  m_Father: {fileID: 432650}
  m_RootOrder: 0
  m_LocalEulerAnglesHint: {x: 0, y: 0, z: 0}
--- !u!4 &491238
Transform:
  m_ObjectHideFlags: 1
  m_PrefabParentObject: {fileID: 0}
  m_PrefabInternal: {fileID: 100100000}
  m_GameObject: {fileID: 105416}
  m_LocalRotation: {x: -0.049468577, y: 0.14221074, z: 0.014246028, w: 0.98849684}
  m_LocalPosition: {x: 0.046996295, y: -0.07049468, z: 0.25378096}
  m_LocalScale: {x: 1, y: 1, z: 1}
  m_Children:
  - {fileID: 469050}
  m_Father: {fileID: 487408}
  m_RootOrder: 2
  m_LocalEulerAnglesHint: {x: 0, y: 0, z: 0}
--- !u!4 &493250
Transform:
  m_ObjectHideFlags: 1
  m_PrefabParentObject: {fileID: 0}
  m_PrefabInternal: {fileID: 100100000}
  m_GameObject: {fileID: 151636}
  m_LocalRotation: {x: -0.0086026685, y: 0.0053812317, z: 0.50780135, w: 0.86141443}
  m_LocalPosition: {x: -0.6450668, y: 0.01991498, z: -0.105054796}
  m_LocalScale: {x: 1, y: 1, z: 1}
  m_Children:
  - {fileID: 407122}
  - {fileID: 425086}
  m_Father: {fileID: 401172}
  m_RootOrder: 0
  m_LocalEulerAnglesHint: {x: 0, y: 0, z: 0}
--- !u!4 &493468
Transform:
  m_ObjectHideFlags: 1
  m_PrefabParentObject: {fileID: 0}
  m_PrefabInternal: {fileID: 100100000}
  m_GameObject: {fileID: 177428}
  m_LocalRotation: {x: 0.009666462, y: -0.009666462, z: 0.7070407, w: 0.7070407}
  m_LocalPosition: {x: 0.010301458, y: -0.017350554, z: -0.0015557861}
  m_LocalScale: {x: 1, y: 1, z: 1}
  m_Children: []
  m_Father: {fileID: 407670}
  m_RootOrder: 0
  m_LocalEulerAnglesHint: {x: 0, y: 0, z: 0}
--- !u!4 &498032
Transform:
  m_ObjectHideFlags: 1
  m_PrefabParentObject: {fileID: 0}
  m_PrefabInternal: {fileID: 100100000}
  m_GameObject: {fileID: 138290}
  m_LocalRotation: {x: 0, y: 0.7071068, z: 0, w: 0.7071067}
  m_LocalPosition: {x: 0, y: 0, z: 0}
  m_LocalScale: {x: 1, y: 1, z: 1}
  m_Children:
  - {fileID: 490018}
  - {fileID: 482424}
  m_Father: {fileID: 0}
  m_RootOrder: 0
  m_LocalEulerAnglesHint: {x: 0, y: 0, z: 0}
--- !u!4 &498382
Transform:
  m_ObjectHideFlags: 1
  m_PrefabParentObject: {fileID: 0}
  m_PrefabInternal: {fileID: 100100000}
  m_GameObject: {fileID: 191022}
  m_LocalRotation: {x: -0.17550826, y: 0, z: -0, w: 0.984478}
  m_LocalPosition: {x: -0, y: 2.1316282e-16, z: 0.12532341}
  m_LocalScale: {x: 1, y: 1, z: 1}
  m_Children:
  - {fileID: 487408}
  m_Father: {fileID: 491198}
  m_RootOrder: 0
  m_LocalEulerAnglesHint: {x: 0, y: 0, z: 0}
--- !u!4 &498810
Transform:
  m_ObjectHideFlags: 1
  m_PrefabParentObject: {fileID: 0}
  m_PrefabInternal: {fileID: 100100000}
  m_GameObject: {fileID: 153606}
  m_LocalRotation: {x: 0.00033908672, y: 0.0041082865, z: 0.073334515, w: 0.9972989}
  m_LocalPosition: {x: -0.044339847, y: 1.1368684e-15, z: 1.4210854e-16}
  m_LocalScale: {x: 1, y: 1, z: 1}
  m_Children:
  - {fileID: 400872}
  m_Father: {fileID: 486250}
  m_RootOrder: 0
  m_LocalEulerAnglesHint: {x: 0, y: 0, z: 0}
--- !u!95 &9537106
Animator:
  serializedVersion: 3
  m_ObjectHideFlags: 1
  m_PrefabParentObject: {fileID: 0}
  m_PrefabInternal: {fileID: 100100000}
  m_GameObject: {fileID: 138290}
  m_Enabled: 1
  m_Avatar: {fileID: 9000000, guid: d0fe4f4820431ba4d8507343ab635457, type: 3}
  m_Controller: {fileID: 9100000, guid: 0493b3f2ecf121642975c9c03315183f, type: 2}
  m_CullingMode: 1
  m_UpdateMode: 0
  m_ApplyRootMotion: 1
  m_LinearVelocityBlending: 0
  m_WarningMessage: 
  m_HasTransformHierarchy: 1
  m_AllowConstantClipSamplingOptimization: 1
--- !u!137 &13728910
SkinnedMeshRenderer:
  m_ObjectHideFlags: 1
  m_PrefabParentObject: {fileID: 0}
  m_PrefabInternal: {fileID: 100100000}
  m_GameObject: {fileID: 132520}
  m_Enabled: 1
  m_CastShadows: 1
  m_ReceiveShadows: 1
  m_DynamicOccludee: 1
  m_MotionVectors: 1
  m_LightProbeUsage: 1
  m_ReflectionProbeUsage: 1
  m_Materials:
  - {fileID: 2100000, guid: 010b2329ffd4f0746b56947c76a2cab5, type: 2}
  m_StaticBatchInfo:
    firstSubMesh: 0
    subMeshCount: 0
  m_StaticBatchRoot: {fileID: 0}
  m_ProbeAnchor: {fileID: 0}
  m_LightProbeVolumeOverride: {fileID: 0}
  m_ScaleInLightmap: 1
  m_PreserveUVs: 0
  m_IgnoreNormalsForChartDetection: 0
  m_ImportantGI: 0
  m_StitchLightmapSeams: 0
  m_SelectedEditorRenderState: 3
  m_MinimumChartSize: 4
  m_AutoUVMaxDistance: 0.5
  m_AutoUVMaxAngle: 89
  m_LightmapParameters: {fileID: 0}
  m_SortingLayerID: 0
  m_SortingLayer: 0
  m_SortingOrder: 0
  serializedVersion: 2
  m_Quality: 0
  m_UpdateWhenOffscreen: 0
  m_SkinnedMotionVectors: 1
  m_Mesh: {fileID: 4300000, guid: d0fe4f4820431ba4d8507343ab635457, type: 3}
  m_Bones:
  - {fileID: 482424}
  - {fileID: 425230}
  - {fileID: 481466}
  - {fileID: 421538}
  - {fileID: 405664}
  - {fileID: 478726}
  - {fileID: 482092}
  - {fileID: 429192}
  - {fileID: 432650}
  - {fileID: 491198}
  - {fileID: 498382}
  - {fileID: 487408}
  - {fileID: 465984}
  - {fileID: 489296}
  - {fileID: 400000}
  - {fileID: 431446}
  - {fileID: 453618}
  - {fileID: 485580}
  - {fileID: 421814}
  - {fileID: 472666}
  - {fileID: 488590}
  - {fileID: 485584}
  - {fileID: 486250}
  - {fileID: 498810}
  - {fileID: 400872}
  - {fileID: 433948}
  - {fileID: 402466}
  - {fileID: 454860}
  - {fileID: 452358}
  - {fileID: 423340}
  - {fileID: 486004}
  - {fileID: 405732}
  - {fileID: 421300}
  - {fileID: 449946}
  - {fileID: 482728}
  - {fileID: 431834}
  - {fileID: 462168}
  - {fileID: 452552}
  - {fileID: 457994}
  - {fileID: 472962}
  - {fileID: 491238}
  - {fileID: 469050}
  - {fileID: 483980}
  - {fileID: 459220}
  - {fileID: 445628}
  - {fileID: 415746}
  - {fileID: 481160}
  - {fileID: 417152}
  - {fileID: 407378}
  - {fileID: 481552}
  - {fileID: 432160}
  - {fileID: 457582}
  - {fileID: 457120}
  - {fileID: 484228}
  - {fileID: 464018}
  - {fileID: 407670}
  - {fileID: 493468}
  - {fileID: 431236}
  - {fileID: 450980}
  - {fileID: 411580}
  - {fileID: 453226}
  - {fileID: 450188}
  - {fileID: 452894}
  - {fileID: 444204}
  - {fileID: 446422}
  - {fileID: 455752}
  - {fileID: 401172}
  - {fileID: 493250}
  - {fileID: 425086}
  - {fileID: 471112}
  - {fileID: 407122}
  - {fileID: 479696}
  m_BlendShapeWeights: []
  m_RootBone: {fileID: 482424}
  m_AABB:
    m_Center: {x: -0.0018800497, y: -0.031574965, z: -0.1357168}
    m_Extent: {x: 1.422017, y: 0.315723, z: 1.4238272}
  m_DirtyAABB: 0
--- !u!1001 &100100000
Prefab:
  m_ObjectHideFlags: 1
  serializedVersion: 2
  m_Modification:
    m_TransformParent: {fileID: 0}
    m_Modifications: []
    m_RemovedComponents: []
  m_ParentPrefab: {fileID: 0}
  m_RootGameObject: {fileID: 138290}
  m_IsPrefabParent: 1
